 Dungeon Crawl Stone Soup version 0.22-a0-799-g88f5e90 (webtiles) character file.

45 iamserjio the Firebug (level 3, -4/19 HPs)
             Began as a Tengu Fire Elementalist on July 21, 2018.
             Slain by a gnoll
             ... wielding a +0 spear
              (6 damage)
             ... on level 2 of the Dungeon.
             The game lasted 00:03:25 (361 turns).

iamserjio the Firebug (Tengu Fire Elementalist)      Turns: 361, Time: 00:03:26

Health: -4/19      AC:  3    Str:  8    XL:     3   Next: 64%
Magic:  0/7        EV:  6    Int: 16    God:
Gold:   50         SH:  0    Dex: 14    Spells: 6/7 levels left

rFire    . . .     SeeInvis .   d - +0 spear
rCold    . . .     Gourm    .   (no shield)
rNeg     . . .     Faith    .   a - +1 robe
rPois    .         Spirit   .   (helmet restricted)
rElec    .         Reflect  .   (no cloak)
rCorr    .         Harm     .   (no gloves)
MR       .....                  (boots unavailable)
Stlth    ++........             (no amulet)
HPRegen  0.06/turn              (no ring)
MPRegen  0.10/turn              (no ring)

@: held
A: beak, talons 3
a: no special abilities


You were on level 2 of the Dungeon.
You were not hungry.

You visited 1 branch of the dungeon, and saw 3 of its levels.

You collected 50 gold pieces.

Inventory:

Hand Weapons
 d - a +0 spear (weapon)
Armour
 a - a +1 robe (worn)
Scrolls
 f - a scroll of remove curse {unknown}
 g - a scroll of random uselessness {unknown}
Comestibles
 c - 3 rations


   Skills:
 - Level 2.1 Dodging
 - Level 2.0 Stealth
 + Level 2.6 Spellcasting
 + Level 2.8 Conjurations
 + Level 3.9 Fire Magic


You had 6 spell levels left.
You knew the following spells:

 Your Spells              Type           Power        Failure   Level  Hunger
a - Flame Tongue          Conj/Fire      ##...        4%          1    #......

Your spell library contained the following spells:

 Spells                   Type           Power        Failure   Level  Hunger
 Fireball                 Conj/Fire      ##........   80%         5    ######.
 Conjure Flame            Conj/Fire      ##......     14%         3    ###....
 Throw Flame              Conj/Fire      ##....       8%          2    ##.....
 Sticky Flame             Conj/Fire      ##......     43%         4    #####..
 Inner Flame              Hex/Fire       #.......     26%         3    ###....


Dungeon Overview and Level Annotations

Branches:
Dungeon (3/15)

Altars:
Dithmenos

Annotations:
D:3 Grinder, Terence


Innate Abilities, Weirdness & Mutations

You have a beak for a mouth.
You have claws for feet.


Message History

As you read the scroll labeled BOYPEU BIOJ, it crumbles to dust.
It is a scroll of amnesia.
Okay, then.
The gnoll hits you from afar with a spear.
* * * LOW HITPOINT WARNING * * *
You cannot attack while held in a net.
You cannot throw anything while held in a net.
Unknown command.
As you read the scroll labeled PEGOJ VEIFEYNK, it crumbles to dust.
It is a scroll of enchant armour.
Your +0 robe glows green for a moment.
The gnoll barely misses you.
Casting: Flame Tongue (safe; 4% risk of failure)
Confirm with . or Enter, or press ? or * to list all spells.
Aiming: Flame Tongue (safe; 4% risk of failure)
Press: ? - help, Shift-Dir - straight line, f/p - gnoll
Aim: a gnoll, wielding a spear (lightly wounded)
The flame tongue hits the gnoll.
The gnoll is heavily wounded.
The gnoll hits you from afar with a spear.
You die...

# #. ##'# ##...##
##.....## #
##.......## .##
#.........####...#.#
+....(....@)g.......
#.........####...#.#
#.......## .....
##.....## ##.#
##...## # ##'## #.#
### #.# .. ##.##


You could see a gnoll.

Vanquished Creatures
  2 gnolls (D:2)
  An ooze (D:3)
  An orc (D:3)
  A ball python (D:2)
  A giant cockroach (D:3)
  3 hobgoblins
  3 frilled lizards
  4 goblins
  3 kobolds
  3 rats
22 creatures vanquished.

Notes
Turn   | Place    | Note
-------+----------+-------------------------------------------
     0 | D:1      | iamserjio the Tengu Fire Elementalist began the quest for the Orb.
     0 | D:1      | Reached XP level 1. HP: 10/10 MP: 4/4
   181 | D:2      | Found a shadowy altar of Dithmenos.
   187 | D:2      | Reached XP level 2. HP: 8/15 MP: 4/6
   199 | D:3      | Noticed Grinder
   276 | D:3      | Noticed Terence
   306 | D:3      | Reached XP level 3. HP: 14/19 MP: 3/7
   361 | D:2      | Slain by a gnoll

Vault maps used:
D:1:      elethiomel_arrival_shortcut, minmay_misc_feat_tiny
D:2:      nicolae_dithmenos_through_a_glass_darkly
D:3:      first_ration, uniq_natasha, uniq_terence, uniq_grinder, uniq_ijyb

Skill      XL: |  1  2 |
---------------+-------+-----
Conjurations   | 2 |  2.8
Dodging        | |  2.1
Stealth        | |  2.0
Spellcasting   | |  2.6
Fire Magic     | |  3.9

Action                   || total
-------------------------++-------
Melee: Spear             ||    19
       Unarmed           ||     5
       Kick              ||     7
       Peck              ||     1
 Cast: Flame Tongue      ||    30
  Use: Scroll            ||     2
 Stab: Sleeping          ||     1
Armor: Robe              ||     2
Dodge: Dodged            ||    25

Table legend:
 A = Spawn XP
 B = Non-spawn XP
 C = Spawn XP percentage of total XP
 D = Spawn monster count
 E = Non-spawn monster count
 F = Spawn count percentage of total count
 G = Total turns spent on level
                    A         B        C        D         E        F      G
               +---------+---------+-------+---------+---------+-------+---------
         Total |       0 |      65 |   0.0 |       0 |      22 |   0.0 |   361
               +---------+---------+-------+---------+---------+-------+---------
           D:1 |       0 |       3 |   0.0 |       0 |       3 |   0.0 |    67
           D:2 |       0 |      40 |   0.0 |       0 |      10 |   0.0 |   179
           D:3 |       0 |      22 |   0.0 |       0 |       9 |   0.0 |   115
               +---------+---------+-------+---------+---------+-------+---------
